 Dungeon Crawl Stone Soup version 0.22-a0-855-g415d086bb8 (console) character file.

111 Lexodia the Ruffian (level 4, -2/40 HPs)
             Began as a Ghoul Monk on July 27, 2018.
             Slain by a gnoll
             ... wielding a +0 flail
              (10 damage)
             ... on level 2 of the Dungeon.
             The game lasted 00:03:03 (1272 turns).

Lexodia the Ruffian (Ghoul Monk)                    Turns: 1272, Time: 00:03:03

Health: -2/40      AC:  2    Str: 15    XL:     4   Next: 92%
Magic:  3/3        EV: 13    Int:  5    God:
Gold:   52         SH:  0    Dex: 11    Spells: 3/3 levels left

rFire    . . .     SeeInvis .     - Unarmed
rCold    + . .     Gourm    .   (no shield)
rNeg     + + +     Faith    .   a - +0 robe
rPois    ∞         Spirit   .   (no helmet)
rElec    .         Reflect  .   (no cloak)
rCorr    .         Harm     .   (no gloves)
MR       .....                  (no boots)
Stlth    ++........             (no amulet)
HPRegen  0.00/turn              (no ring)
MPRegen  0.08/turn              (no ring)

@: rotting
A: rotting body, claws 1, carnivore, cold resistance 1, negative energy
resistance 3, inhibited regeneration, torment resistance, unbreathing
a: no special abilities


You were on level 2 of the Dungeon.
You were not hungry.

You visited 1 branch of the dungeon, and saw 2 of its levels.

You collected 52 gold pieces.

Inventory:

Armour
 a - a +0 robe (worn)
 d - a +0 pair of gloves
Scrolls
 c - 3 scrolls of identify {unknown}
 f - a scroll of blinking {unknown}
 g - 2 scrolls of remove curse {unknown}
 i - a scroll of amnesia {unknown}
 j - a scroll of random uselessness {unknown}
 k - a scroll of enchant weapon {unknown}
Potions
 e - a potion of invisibility {unknown}
Comestibles
 b - 4 rations
 h - 3 chunks of flesh


   Skills:
 + Level 4.0 Fighting
 + Level 3.2 Dodging
 + Level 3.2 Stealth
 * Level 4.5 Unarmed Combat


You had 3 spell levels left.
You didn't know any spells.
Your spell library was empty.

Dungeon Overview and Level Annotations

Branches:
Dungeon (2/15)

Altars:


Innate Abilities, Weirdness & Mutations

Your body is rotting away.
You thrive on raw meat.
You are immune to poison.
You have sharp fingernails.
You are carnivorous and can eat meat at any time.
Your flesh is cold resistant. (rC+)
You are immune to negative energy. (rN+++)
You do not regenerate when monsters are visible.
You are immune to unholy pain and torment.
You can survive without breathing.


Message History

Eat one of 5 chunks of flesh? (ye/n/q)
You eat one of the 5 chunks of flesh.
This raw flesh tastes great!
The gnoll hits you with a flail.
* * * LOW HITPOINT WARNING * * *
The gnoll closely misses you.
Press: ? - help, v - describe, . - travel
Here: a gnoll The floor.
You scratch the gnoll.
The gnoll is heavily wounded.
The gnoll barely misses you.
You scratch the gnoll.
The gnoll is heavily wounded.
The gnoll hits you with a flail!
* * * LOW HITPOINT WARNING * * *
Huge Dmg: -25%(-10hp) hp: 3%(1hp) Eat one of 4 chunks of flesh? (ye/n/q)
You eat one of the 4 chunks of flesh.
This raw flesh tastes great!
The gnoll hits you with a flail!
You die...

.... .....# #...#
....# #....# ###.#
.....##....# #...#
#........# #.###
#....)...# #...#
#........# ###.#
#......#### #.#
#.........########.#
#........gg@.......#
#.......#.##########
#.....###.# #.....
#.# ...#### ... ...
##. .. #. .#


You could see 2 gnolls.

Vanquished Creatures
  A hound (D:2)
  2 adders (D:2)
  2 gnolls (D:2)
  An ooze (D:2)
  2 dart slugs (D:1)
  2 leopard geckos
  2 giant cockroaches (D:2)
  4 goblins
  5 hobgoblins
  3 jackals (D:1)
  A quokka (D:2)
  A ball python (D:1)
  2 bats
  2 frilled lizards
  2 kobolds
  3 rats
35 creatures vanquished.

Notes
Turn   | Place    | Note
-------+----------+-------------------------------------------
     0 | D:1      | Lexodia the Ghoul Monk began the quest for the Orb.
     0 | D:1      | Reached XP level 1. HP: 19/19 MP: 0/0
    31 | D:1      | Huge Dmg: 5 dmg
    32 | D:1      | Huge Dmg: 6 dmg
   139 | D:1      | Reached XP level 2. HP: 13/26 MP: 1/1
   143 | D:1      | Huge Dmg: 3 dmg
   144 | D:1      | Huge Dmg: 2 dmg
   149 | D:1      | Huge Dmg: 2 dmg
   150 | D:1      | Huge Dmg: 2 dmg
   237 | D:1      | Huge Dmg: 4 dmg
   718 | D:2      | Huge Dmg: 6 dmg
   722 | D:2      | Reached XP level 3. HP: 17/31 MP: 2/2
   839 | D:2      | Huge Dmg: 3 dmg
   907 | D:2      | Huge Dmg: 4 dmg
   908 | D:2      | Huge Dmg: 5 dmg
   914 | D:2      | Reached XP level 4. HP: 16/40 MP: 3/3
  1198 | D:2      | Huge Dmg: 9 dmg
  1200 | D:2      | Huge Dmg: 6 dmg
  1207 | D:2      | Huge Dmg: 3 dmg
  1260 | D:2      | Huge Dmg: 8 dmg
  1265 | D:2      | Huge Dmg: 5 dmg
  1271 | D:2      | HP: 1/40 [gnoll/flail (10)]
  1272 | D:2      | Huge Dmg: 10 dmg
  1272 | D:2      | Slain by a gnoll

Vault maps used:
D:1:      dpeg_arrival_court, serial_bayou_pond_c, minmay_tetromino_s4

Skill      XL: |  1  2  3  4 |
---------------+-------------+-----
Dodging        | 3 |  3.2
Unarmed Combat | 4 |  4.5
Stealth        | 3 |  3.2
Fighting       | 4 |  4.0

Action                   |  1- 3 |  4- 6 || total
-------------------------+-------+-------++-------
Melee: Unarmed           |   108 |    20 ||   128
       Punch             |       |     1 ||     1
 Stab: Sleeping          |     3 |       ||     3
  Eat: Chunk             |     5 |     4 ||     9
Armor: Robe              |     9 |     2 ||    11
Dodge: Dodged            |    88 |    13 ||   101

Table legend:
 A = Spawn XP
 B = Non-spawn XP
 C = Spawn XP percentage of total XP
 D = Spawn monster count
 E = Non-spawn monster count
 F = Spawn count percentage of total count
 G = Total turns spent on level
                    A         B        C        D         E        F      G
               +---------+---------+-------+---------+---------+-------+---------
         Total |       0 |     159 |   0.0 |       0 |      35 |   0.0 |  1272
               +---------+---------+-------+---------+---------+-------+---------
           D:1 |       0 |      31 |   0.0 |       0 |      16 |   0.0 |   709
           D:2 |       0 |     128 |   0.0 |       0 |      19 |   0.0 |   563
               +---------+---------+-------+---------+---------+-------+---------
